AoeStats
← Berkecan

Black Forest

510160291Analyzed
3v3 RM · 3d ago on Sep 29, 2026· 81m 34s· 6 players
Game mode
Random Map
Map size
Normal (6 player)
Population
200
Speed
Normal
Resources
Standard
Victory
Conquest
Starting age
Dark Age
Ending age
Imperial Age
RankedLock teamsTeams togetherTeam positionsShared explorationLock speedFull tech treeHidden civsTurbo modeCheats
Victory
Defeat
🇨🇾 Teutons · Cyprus
488
+15
🇶🇦 Romans · Qatar
459
+17
🇹🇷 Vietnamese · Türkiye
422
+18
🇰🇬 Bohemians · Kyrgyzstan
526
-35
🇩🇪 Slavs · Germany
442
-15
🇰🇬 Danes · Kyrgyzstan
442
-15
DoneHealer17475
1:02 Loom
14:44 Feudal Age
16:29 Wheelbarrow
15:39 Town Watch
15:38 Horse Collar
15:46 Double-Bit Axe
21:17 Gold Mining
26:31 Castle Age
27:46 Bow Saw
27:38 Heavy Plow
27:56 Hand Cart
27:42 Town Patrol
27:59 Forging
27:39 Fletching
27:50 Padded Archer Armor
27:50 Scale Mail Armor
27:56 Scale Barding Armor
28:26 Stone Mining
29:14 Caravan
30:17 Stone Shaft Mining
30:56 Coinage
39:30 Imperial Age
39:44 Arson
40:00 Squires
39:20 Pikeman
39:23 Elite Skirmisher
39:24 Crossbowman
40:42 Iron Casting
40:02 Bodkin Arrow
40:23 Leather Archer Armor
40:23 Chain Mail Armor
40:29 Chain Barding Armor
41:16 Two-Man Saw
40:51 Crop Rotation
40:16 Arrowslits
40:52 Ballistics
41:29 Banking
42:31 Blast Furnace
41:55 Bloodlines
41:06 Cavalier
42:52 Heavy Scorpion
44:14 Ring Archer Armor
45:04 Guilds
44:19 Onager
45:58 Plate Mail Armor
46:24 Elite Teutonic Knight
47:26 Ironclad
47:26 Conscription
48:08 Plate Barding Armor
47:36 Halberdier
49:55 Chemistry
49:45 Hoardings
51:46 Sappers
52:37 Crenellations
52:33 Paladin
Berkecan
13:10 Feudal Age
13:40 Horse Collar
14:58 Double-Bit Axe
17:48 Loom
22:14 Gold Mining
24:04 Stone Mining
28:17 Castle Age
32:15 Heavy Plow
32:54 Stone Shaft Mining
32:32 Bow Saw
33:27 Husbandry
35:55 Wheelbarrow
35:47 Caravan
36:18 Coinage
36:04 Forging
35:55 Scale Mail Armor
36:00 Scale Barding Armor
39:12 Iron Casting
39:00 Chain Barding Armor
41:55 Imperial Age
41:44 Hand Cart
42:41 Chain Mail Armor
42:16 Fletching
42:27 Padded Archer Armor
43:10 Crop Rotation
45:42 Banking
45:22 Guilds
46:17 Capped Ram
46:19 Elite Rattan Archer
47:44 Plate Mail Armor
47:49 Plate Barding Armor
47:41 Town Watch
48:16 Chatras
47:57 Elite Battle Elephant
49:06 Cavalier
50:50 Bodkin Arrow
51:10 Leather Archer Armor
51:50 Hoardings
50:46 Sappers
52:11 Elite Fire Lancer
54:07 Two-Man Saw
54:01 Bracer
54:32 Ring Archer Armor
54:41 Paper Money
62:09 Onager
TheDon
0:33 Loom
16:17 Feudal Age
17:53 Wheelbarrow
17:01 Horse Collar
17:10 Double-Bit Axe
19:25 Stone Mining
19:26 Gold Mining
22:30 Castle Age
24:13 Hand Cart
24:01 Heavy Plow
24:17 Bow Saw
25:28 Gold Shaft Mining
25:40 Town Watch
28:50 Fletching
29:48 Town Patrol
34:23 Imperial Age
33:58 Bodkin Arrow
34:16 Forging
34:07 Scale Mail Armor
34:08 Padded Archer Armor
39:25 Fortified Wall
39:21 Siege Engineers
39:27 Masonry
39:39 Ballistics
40:20 Chemistry
39:16 Murder Holes
39:14 Guard Tower
40:05 Iron Casting
39:45 Chain Mail Armor
39:46 Leather Archer Armor
40:07 Conscription
39:53 Ballistas
41:36 Caravan
41:47 Guilds
45:11 Comitatenses
45:58 Blast Furnace
45:29 Ring Archer Armor
46:25 Architecture
46:11 Pikeman
46:11 Man-at-Arms
46:52 Squires
49:42 Heavy Scorpion
52:51 Onager
53:34 Halberdier
53:35 Long Swordsman
54:47 Scale Barding Armor
54:20 Legionary
79:34 Comitatenses
RaphiniaOneLove
7:10 Loom
7:19 Loom
11:33 Feudal Age
12:51 Wheelbarrow
12:12 Double-Bit Axe
12:11 Horse Collar
18:03 Stone Mining
18:03 Gold Mining
23:13 Castle Age
24:17 Hand Cart
25:29 Bow Saw
25:23 Heavy Plow
26:01 Stone Shaft Mining
26:01 Gold Shaft Mining
36:13 Imperial Age
34:21 Caravan
34:51 Coinage
36:51 Scale Mail Armor
37:01 Forging
37:17 Ballistics
37:12 Masonry
36:26 Pikeman
37:06 Squires
36:52 Arson
36:52 Gambesons
36:32 Elite Jomsviking
36:35 Northmen's Fury
39:31 Chemistry
38:22 Heated Shot
37:59 Hamask
39:14 Halberdier
40:19 Chain Mail Armor
40:39 Iron Casting
41:21 Onager
43:18 Plate Mail Armor
43:48 Blast Furnace
42:34 Elite Varangian Guard
45:09 Conscription
45:30 Hoardings
48:59 Siege Onager
49:02 Capped Ram
58:32 Heavy Scorpion
kurmanaliev969
11:31 Feudal Age
12:45 Double-Bit Axe
12:44 Horse Collar
21:17 Castle Age
20:36 Gold Mining
20:37 Stone Mining
21:12 Scale Barding Armor
24:01 Bow Saw
23:55 Heavy Plow
25:03 Caravan
27:04 Wheelbarrow
28:08 Hand Cart
28:39 Fortified Wall
33:11 Imperial Age
31:58 Gold Shaft Mining
35:25 Chain Barding Armor
35:06 Scale Mail Armor
35:07 Padded Archer Armor
36:21 Two-Man Saw
35:40 Town Watch
36:59 Plate Barding Armor
36:36 Forging
37:07 Elite Boyar
38:01 Detinets
38:33 Conscription
40:54 Hoardings
41:15 Chain Mail Armor
41:36 Iron Casting
40:52 Fletching
41:17 Leather Archer Armor
41:28 Ballistics
42:09 Chemistry
41:38 Onager
43:27 Crop Rotation
46:01 Blast Furnace
45:31 Plate Mail Armor
45:32 Ring Archer Armor
44:58 Bodkin Arrow
44:33 Man-at-Arms
48:19 Druzhina
47:43 Long Swordsman
48:29 Murder Holes
49:10 Siege Onager
49:12 Capped Ram
50:06 Loom
49:49 Two-Handed Swordsman
53:44 Siege Ram
54:30 Pikeman
54:34 Champion
55:18 Squires
61:29 Halberdier
Karcoza
12:26 Feudal Age
13:09 Double-Bit Axe
17:33 Horse Collar
18:50 Fletching
19:00 Padded Archer Armor
23:11 Castle Age
24:55 Bow Saw
24:22 Elite Skirmisher
24:35 Crossbowman
28:59 Caravan
28:34 Pikeman
29:16 Squires
29:15 Bodkin Arrow
29:35 Leather Archer Armor
31:37 Ballistics
32:18 Chemistry
31:57 Heavy Plow
32:38 Wheelbarrow
32:10 Arson
31:46 Man-at-Arms
36:54 Imperial Age
35:27 Forging
37:07 Hand Cart
37:38 Wagenburg Tactics
40:14 Bombard Tower
39:44 Arrowslits
40:22 Fervor
40:32 Block Printing
40:41 Sanctity
42:28 Guilds
41:56 Halberdier
41:57 Long Swordsman
44:35 Redemption
45:12 Theocracy
45:13 Illumination
47:02 Hussite Reforms
46:21 Elite Hussite Wagon
47:26 Conscription
46:35 Two-Handed Swordsman
46:47 Arbalester
48:05 Houfnice
55:41 Champion
64:48 Onager
74:20 Bracer
74:52 Ring Archer Armor
74:57 Iron Casting
Connection lost

Rejoining the realm…

Still unreachable

The connection could not be restored.

Session expired

The server has moved on; the page needs a fresh start.